 Dungeon Crawl Stone Soup version 0.31-a0-177-g4aa6249778 (webtiles) character file.

Game seed: 782025731628733104

3187 Moral the Cleaver (level 9, -11/79 (84) HPs)
             Began as a Minotaur Monk on June 19, 2023.
             Was an Elder of Okawaru.
             Killed from afar by a rime drake (24 damage)
             ... with an icy flash freeze
             ... on level 8 of the Dungeon.
             The game lasted 00:14:04 (7264 turns).

Moral the Cleaver (Minotaur Monk)                   Turns: 7264, Time: 00:14:04

HP:   -11/79 (84)   AC: 15    Str: 20    XL:     9   Next: 64%
MP:   0/11          EV: 12    Int:  7    God:    Okawaru [****..]
Gold: 372           SH:  0    Dex: 19    Spells: 8/8 levels left

rFire   . . .        k - +1 battleaxe (venom)
rCold   . . .        (shield currently unavailable)
rNeg    . . .        r - +0 plate armour
rPois   .            (helmet restricted)
rElec   .            (no cloak)
rCorr   .            (no gloves)
SInv    .            (no boots)
Will    .....        l - amulet of guardian spirit Stlth
                     g - +6 ring of dexterity
HPRegen 0.33/turn    (no ring)
MPRegen 0.12/turn

%: guardian spirit
@: heroic, drained
A: horns 2, retaliatory headbutt
a: Renounce Religion, Heroism, Finesse


You were on level 8 of the Dungeon.
You worshipped Okawaru.
Okawaru was greatly pleased with you.
You visited 1 branch of the dungeon, and saw 8 of its levels.

You collected 372 gold pieces.

Inventory:

Hand Weapons
 k - a +1 battleaxe of venom (weapon)
Missiles
 t - 2 throwing nets
Armour
 d - an orb of light
 r - a +0 plate armour (worn)
Jewellery
 f - an amulet of the acrobat
 g - a +6 ring of dexterity (left hand)
 l - an amulet of guardian spirit (around neck)
 v - a ring of fire
Wands
 j - a wand of mindburst (6)
Scrolls
 a - a scroll of brand weapon
 b - a scroll of noise {unknown}
 c - 2 scrolls of amnesia
 m - a scroll of immolation
 q - a scroll of summoning
 s - a scroll of fear
 w - a scroll of teleportation {unknown}
Potions
 e - 4 potions of curing
 h - a potion of brilliance
 i - a potion of haste {unknown}
 n - 2 potions of cancellation
 o - a potion of might {unknown}
 p - a potion of heal wounds {unknown}
 u - a potion of enlightenment {unknown}


   Skills:
 * Level 9.5(14.5) Fighting
 * Level 9.5(14.5) Axes
 + Level 6.0(11.0) Armour
 + Level 6.6(11.6) Dodging
 + Level 4.5 Invocations


You had 8 spell levels left.
You didn't know any spells.
Your spell library contained the following spells:

 Spells                   Type           Power      Damage    Failure   Level
 Sting                    Tmut/Pois      0%         1d3       100%        1
 Poisonous Vapours        Pois/Air       0%         N/A       100%        2
 Olgreb's Toxic Radiance  Pois           0%         N/A       100%        4


Dungeon Overview and Level Annotations

Branches:
Dungeon (8/15)             Temple (0/1) D:5
   Lair: D:8-11

Altars:
Ashenzari
Dithmenos
Elyvilon
Fedhas
Gozag
Kikubaaqudgha
Okawaru
Uskayaw
Wu Jian
The Shining One

Shops:
D:6 !


Innate Abilities, Weirdness & Mutations

You have a pair of horns on your head.
You reflexively headbutt those who attack you in melee.


Message History

You completely miss something. You headbutt something! You miss something.
You headbutt something. Something hits you but does no damage.
You feel drained.
You hit something. Something hits you but does no damage.
You feel drained.
You closely miss something.
Your hands slow down.
You barely miss something. Your headbutt misses something.
Something hits you but does no damage.
You feel drained. Something hits you but does no damage.
You feel drained.
You miss something. Something hits you but does no damage.
You feel drained.
You barely miss something. Something hits you but does no damage.
You feel drained.
You closely miss something. Something hits you but does no damage.
You feel drained.
You slice something!! Okawaru accepts your kill.
Reactivating autopickup.
You feel a bit more experienced.
You closely miss the ice beast. Your headbutt misses the ice beast.
The ice beast hits you but does no damage. x2
You gain the combat prowess of a mighty hero.
The ice beast misses you. You furiously retaliate!
You headbutt the ice beast. You slice the ice beast!!
Your headbutt misses the ice beast.
The ice beast is almost dead.
The ice beast hits you. The ice beast freezes you!
* * * LOW HITPOINT WARNING * * *
You slice the ice beast!!
You kill the ice beast!
Okawaru accepts your kill. The rime drake bites you.
* * * LOW HITPOINT WARNING * * *
You closely miss the rime drake. You headbutt the rime drake.
The rime drake is lightly wounded.
The rime drake closely misses you. You furiously retaliate!
You headbutt the rime drake. You slash the rime drake!
Your headbutt misses the rime drake.
The rime drake is severely wounded.
The rime drake breathes ice at you. The icy flash freeze hits you!!
You die...

#......# .#
#......#...#
#...........
####'###.... #.#
...# #o# ## #o#
#k##############
#.@............#
##############.#
#.# #.# #.# #<#
###


You could see a rime drake (catching breath) and 2 orcs.

Vanquished Creatures
  A two-headed ogre (D:6)
  The ghost of Newt the Skirmisher, a novice KoHu (D:5)
  Menkaure (D:4)
  2 water moccasins
  3 ice beasts
  2 ogres
  A wolf (D:8)
  A centaur (D:7)
  A kobold brigand (D:6)
  A phantom (D:4)
  A bullfrog (D:7)
  2 scorpions
  3 killer bees (D:8)
  A howler monkey (D:6)
  3 jellies
  An orc priest (D:6)
  3 bullfrog zombies (D:5)
  Crazy Yiuf (D:5)
  3 hounds
  A sleepcap (D:7)
  4 orc wizards
  3 iguanas
  4 gnolls (D:4)
  8 adders
  3 shadow imps
  5 white imps
  2 ufetubi (D:6)
  A worm (D:4)
  4 dart slugs
  17 orcs
  7 ball pythons
  6 bats
  8 endoplasms
  3 giant cockroaches
  7 goblins
  8 hobgoblins
  4 jackals
  3 quokkas
  6 frilled lizards
  8 kobolds
  A rat (D:2)
145 creatures vanquished.

Notes
Turn   | Place    | Note
-------+----------+-------------------------------------------
     0 | D:1      | Moral the Minotaur Monk began the quest for the Orb.
     0 | D:1      | Reached XP level 1. HP: 19/19 MP: 0/0
    44 | D:1      | Found a faded altar of an unknown god.
    82 | D:1      | Reached XP level 2. HP: 27/27 MP: 1/1
   590 | D:1      | Reached skill level 1 in Armour
   710 | D:1      | Reached XP level 3. HP: 32/33 MP: 2/2
  1742 | D:3      | Found an iron altar of Okawaru.
  1797 | D:3      | Reached XP level 4. HP: 41/41 MP: 3/3
  1841 | D:3      | Became a worshipper of Warmaster Okawaru
  1841 | D:3      | Reached * piety under Okawaru
  1841 | D:3      | Reached ** piety under Okawaru
  2276 | D:3      | Found a glowing golden altar of the Shining One.
  2383 | D:3      | Found a blossoming altar of Fedhas.
  2422 | D:3      | Reached skill level 5 in Fighting
  2422 | D:3      | Reached skill level 5 in Axes
  2422 | D:3      | Reached XP level 5. HP: 43/48 MP: 2/4
  2848 | D:4      | Found an opulent altar of Gozag.
  2861 | D:4      | Noticed Menkaure
  2862 | D:4      | Noticed a phantom
  2983 | D:4      | Identified a scroll of acquirement
  2984 | D:4      | Acquired a +1 battleaxe of venom
  3041 | D:4      | Killed Menkaure
  3042 | D:4      | Reached skill level 1 in Invocations
  3042 | D:4      | Reached XP level 6. HP: 16/56 MP: 2/5
  3651 | D:5      | Entered Level 5 of the Dungeon
  3651 | D:5      | Found a runed translucent gate.
  3651 | D:5      | Found a runed translucent gate.
  3652 | D:5      | Found a runed translucent gate.
  3659 | D:5      | Noticed an ice beast
  3661 | D:5      | Noticed Newt's ghost (novice KoHu)
  3665 | D:5      | Killed an ice beast
  3666 | D:5      | Reached XP level 7. HP: 63/63 MP: 4/7
  3693 | D:5      | HP: 3/63 [Newt's ghost (8)]
  3696 | D:5      | Killed Newt's ghost
  3697 | D:5      | Reached skill level 5 in Dodging
  3701 | D:5      | Reached XP level 8. HP: 33/73 MP: 8/8
  3904 | D:5      | Found a staircase to the Ecumenical Temple.
  3975 | D:5      | Found an ornate altar of the Wu Jian Council.
  4124 | D:5      | Found a white marble altar of Elyvilon.
  4328 | D:5      | Found a runed translucent door.
  4329 | D:5      | Noticed Crazy Yiuf
  4422 | D:5      | Killed Crazy Yiuf
  4550 | D:5      | Reached *** piety under Okawaru
  5252 | D:6      | Found Xoen Zuxtosh's Distillery.
  5740 | D:6      | Noticed a two-headed ogre
  5748 | D:6      | Killed a two-headed ogre
  5748 | D:6      | Reached **** piety under Okawaru
  5749 | D:6      | Reached skill level 5 in Armour
  5749 | D:6      | Reached XP level 9. HP: 45/82 MP: 6/10
  6308 | D:6      | Found an ancient bone altar of Kikubaaqudgha.
  6336 | D:6      | Found a broken altar of Ashenzari.
  6921 | D:7      | Found a hide-covered altar of Uskayaw.
  6965 | D:7      | Found a shadowy altar of Dithmenos.
  7218 | D:8      | Noticed a rime drake
  7264 | D:8      | Killed from afar by a rime drake

Illustrated notes

Levels and vault maps discovered:
D:1:      minmay_arrival_shattered_statue, layout_basic,
          shapermc_ecumenical_altar_mp_urbaneastern
D:2:      layout_basic
D:3:      layout_basic, okawaru_altar_gauntlet_db, nicolae_tso_carved_into_rock,
          fedhas_ov_isle_minmay
D:4:      layout_rooms, lemuel_doored_altar, uniq_menkaure
D:5:      layout_layer_cave, elyvilon_altar_4, mainiacjoe_overflow_catwalk,
          temple_pool_b, gammafunk_ghost_necromancy,
          kennysheep_decorative_pillar, kennysheep_path_1,
          uniq_crazy_yiuf_cottage
D:6:      layout_basic, mainiacjoe_overflow_two_lobes, serial_shops,
          nicolae_shop_pleasant_corner_grove
D:7:      layout_cave_pools, lemuel_round_altar,
          mainiacjoe_overflow_six_doors_small
D:8:      layout_basic, mainiacjoe_overflow_alcove_2, old_standard_altar,
          hellmonk_lair_entry_icy, gammafunk_ghost_split, special_room
          [special_room_orc], minmay_three_doors

Skill      XL: |  1  2  3  4  5  6  7  8  9 |
---------------+----------------------------+-----
Axes           | 4 5 6 7 8 9 |  9.5
Fighting       | 4 5 6 7 8 9 |  9.5
Armour         | 1 2 3 4 5 6 |  6.0
Dodging        | 4 5 6 |  6.6
Invocations    | 1 2 3 4 |  4.5

Action                     |  1- 3 |  4- 6 |  7- 9 || total
---------------------------+-------+-------+-------++-------
  Melee: Hand axe          |    68 |    49 |       ||   117
         Headbutt          |    11 |     9 |    34 ||    54
         Battleaxe         |       |    25 |   142 ||   167
 Invoke: Heroism           |       |     1 |     3 ||     4
         Finesse           |       |       |     1 ||     1
    Use: Scroll            |       |     5 |    10 ||    15
         Potion            |       |       |     1 ||     1
 Armour: Robe              |     7 |    10 |       ||    17
         Plate armour      |       |    10 |    95 ||   105
  Dodge: Dodged            |    48 |    38 |    86 ||   172

Table legend: (Time is in decaauts)
 A = Elapsed time spent in this place.
 B = Non-inter-level travel time spent in this place.
 C = Inter-level travel time spent in this place.
 D = Time resting spent in this place.
 E = Time spent auto-exploring this place.
 F = Levels seen in this place.
 G = Mean time per level.
                   A        B        C        D        E       F      G
               +--------+--------+--------+--------+--------+-----+--------+
         Total |   7340 |   6940 |    400 |    585 |   5424 |   8 |  917.5 |
       Dungeon |   7340 |   6940 |    400 |    585 |   5424 |   8 |  917.5 |
               +--------+--------+--------+--------+--------+-----+--------+

Top non-repeatable levels by time:
     D:6: 1504 daAuts
     D:5: 1431 daAuts
     D:3: 1092 daAuts
     D:2: 971 daAuts
     D:4: 871 daAuts
     D:1: 736 daAuts
     D:7: 645 daAuts
     D:8: 87 daAuts
